 Dungeon Sprint DCSS version 0.21-a0-113-g6841d05 (webtiles) character file.

1495 Kidiri the Eclecticist (level 8, -7/49 HPs)
             Began as a Deep Elf Fire Elementalist on July 12, 2017.
             Was a Priest of Vehumet.
             Mangled by a two-headed ogre
             ... wielding a cursed -1 giant club
              (23 damage)
             ... in the Dungeon (Sprint III: "The Ten Rune Challenge").
             The game lasted 00:05:10 (826 turns).

Kidiri the Eclecticist (Deep Elf Fire Elementalist)  Turns: 826, Time: 00:05:11

Health: -7/49      AC:  2    Str:  5    XL:     8   Next: 51%
Magic:  19/29      EV: 15    Int: 23    God:    Vehumet [***...]
Gold:   27         SH:  0    Dex: 15    Spells: 13/37 levels left

rFire    . . .     SeeInvis .   k - +2 dagger (elec)
rCold    . . .     Gourm    .   (no shield)
rNeg     . . .     Faith    .   a - +0 robe
rPois    .         Spirit   .   (no helmet)
rElec    .         Reflect  .   (no cloak)
rCorr    .         Harm     .   (no gloves)
MR       .....     NoTele   +   (no boots)
Stlth    ++........             (no amulet)
HPRegen  0.56/turn              (no ring)
MPRegen  0.21/turn              (no ring)

@: no status effects
A: blink, mutation resistance 1, regeneration 1, robust 1
a: Blink, Renounce Religion


You were in the Dungeon.
You worshipped Vehumet.
Vehumet was most pleased with you.
You were not hungry.

You visited 1 branch You collected 27 gold pieces.

Inventory:

Hand Weapons
 k - a +2 dagger of electrocution (weapon)
Armour
 a - a +0 robe (worn)
 b - a +0 buckler
Wands
 j - a wand of paralysis (11/24)
Scrolls
 e - 2 scrolls of immolation
 i - a scroll of blinking
 l - a scroll of identify
 m - 5 scrolls of remove curse
Potions
 d - 2 potions of curing
 f - a potion of haste
 g - 2 potions of magic
 h - 2 potions of berserk rage
 o - 3 potions of flight
 q - a potion of resistance
 r - a potion of mutation
Comestibles
 c - a bread ration
 n - 2 royal jellies
 p - a fruit
 s - 6 chunks of flesh


   Skills:
 + Level 2.7 Fighting
 + Level 3.4 Short Blades
 + Level 2.7 Armour
 + Level 5.0 Dodging
 - Level 2.4 Stealth
 + Level 2.0 Shields
 * Level 15.2 Spellcasting
 + Level 9.4 Conjurations
 + Level 10.0 Fire Magic
 + Level 1.5 Ice Magic
 + Level 2.3 Air Magic
 + Level 0.0 Earth Magic


You had 13 spell levels left.
You knew the following spells:

 Your Spells              Type           Power        Failure   Level  Hunger
a - Flame Tongue          Conj/Fire      #####        1%          1    None
b - Throw Flame           Conj/Fire      ######       1%          2    None
c - Conjure Flame         Conj/Fire      ######..     1%          3    None
d - Inner Flame           Hex/Fire       #####...     1%          3    None
e - Sticky Flame          Conj/Fire      ######..     1%          4    None
f - Fireball              Conj/Fire      ######....   1%          5    ##.....
g - Throw Frost           Conj/Ice       #####.       1%          2    None
h - Shock                 Conj/Air       ####         1%          1    None
i - Stone Arrow           Conj/Erth      #####.       1%          3    None


Dungeon Overview and Level Annotations

Branches:
Dungeon (1/1)

Altars:
Cheibriados
Dithmenos
Elyvilon
Fedhas
Gozag
Hepliaklqana
Kikubaaqudgha
Makhleb
Nemelex Xobeh
Okawaru
Qazlal
Ru
Sif Muna
Trog
Uskayaw
Vehumet
Wu Jian
Xom
Yredelemnul
Zin
The Shining One
Beogh
Jiyva
Lugonu

Annotations:
D exclusion: door


Innate Abilities, Weirdness & Mutations

You can translocate small distances at will.
You are somewhat resistant to further mutation.
Your natural rate of healing is unusually fast.
You are robust. (+10% HP)


Message History

Ouch! That really hurt!
The two-headed ogre hits you with a giant spiked club.
Casting: Flame Tongue
Confirm with . or Enter, or press ? or * to list all spells.
Aiming: Flame Tongue
Press: ? - help, Shift-Dir - straight line, f/p - two-headed ogre
Aim: a two-headed ogre, wielding a giant club and a giant spiked club (flame, heavily wounded)
Okay, then.
Casting: Flame Tongue
Confirm with . or Enter, or press ? or * to list all spells.
Aiming: Sticky Flame
Press: ? - help, Shift-Dir - straight line, f/p - two-headed ogre
Aim: a two-headed ogre, wielding a giant club and a giant spiked club (flame, heavily wounded)
The sticky flame hits the two-headed ogre.
The two-headed ogre is heavily wounded.
The two-headed ogre is covered in liquid flames!
The two-headed ogre burns!
The two-headed ogre is engulfed in blazing flames.
The two-headed ogre hits you with a giant club!!
You die...

#+###+## .......#
.......# ######'#
#__#...#+###########
#__#...#..).#.#.#..
#__#...##.#))#.##.#
#__#...'##.#.#.##O#
#__+...#...#..#.@#
▓▓▓▓▓▓▓▓▓▓▓▓▓▓▓▓▓▓


You could see a two-headed ogre (burning).

Vanquished Creatures
  A deep elf mage (D)
  A shadow (D)
  A spatial vortex (D)
  A necrophage (D)
  3 two-headed ogres (D)
  A water elemental (D)
  A jelly (D)
  A wizard (D)
  A necromancer (D)
  3 humans (D)
  A kobold demonologist (D)
  A wolf (D)
  An ooze (D)
  3 rats (D)
20 creatures vanquished.

Vanquished Creatures (others)
  2 draconian scorchers (D)
  6 hellions (D)
  2 yaktaurs (D)
10 creatures vanquished.

Grand Total: 30 creatures vanquished

Notes
Turn   | Place    | Note
-------+----------+-------------------------------------------
     0 | D        | Kidiri the Deep Elf Fire Elementalist began the quest for the Orb.
     0 | D        | Reached XP level 1. HP: 10/10 MP: 6/6
     8 | D        | Reached skill level 4 in Spellcasting
    86 | D        | Noticed a wolf
    88 | D        | Reached skill level 6 in Spellcasting
    88 | D        | Reached XP level 2. HP: 12/15 MP: 0/11
    92 | D        | Learned a level 2 spell: Throw Flame
   104 | D        | Killed a hellion
   147 | D        | Killed a white draconian scorcher
   150 | D        | Killed a white draconian scorcher
   161 | D        | Killed a yaktaur
   176 | D        | Reached XP level 3. HP: 11/19 MP: 9/13
   181 | D        | Learned a level 3 spell: Conjure Flame
   185 | D        | Learned a level 3 spell: Inner Flame
   204 | D        | Gained mutation: Your flesh is cold resistant. (rC+) [potion of mutation]
   204 | D        | Gained mutation: You are partially covered in iridescent scales. (AC +2) [potion of mutation]
   205 | D        | Lost mutation: You are partially covered in iridescent scales. (AC +2) [potion of mutation]
   205 | D        | Lost mutation: Your flesh is cold resistant. (rC+) [potion of mutation]
   205 | D        | Gained mutation: Armour fits poorly on your strangely shaped body. [potion of mutation]
   205 | D        | Gained mutation: Scrolls take you a little longer to read. [potion of mutation]
   205 | D        | Gained mutation: You tend to lose your temper in combat. [potion of mutation]
   205 | D        | Gained mutation: You can translocate small distances at will. [potion of mutation]
   206 | D        | Lost mutation: Scrolls take you a little longer to read. [potion of mutation]
   206 | D        | Lost mutation: Armour fits poorly on your strangely shaped body. [potion of mutation]
   206 | D        | Lost mutation: You tend to lose your temper in combat. [potion of mutation]
   206 | D        | Gained mutation: You are robust. (+10% HP) [potion of mutation]
   206 | D        | Gained mutation: You are somewhat resistant to further mutation. [potion of mutation]
   206 | D        | Gained mutation: Your natural rate of healing is unusually fast. [potion of mutation]
   222 | D        | Noticed a water elemental
   223 | D        | Killed a water elemental
   223 | D        | Reached skill level 8 in Spellcasting
   223 | D        | Reached skill level 5 in Fire Magic
   223 | D        | Reached XP level 4. HP: 26/26 MP: 8/16
   240 | D        | Killed a hellion
   240 | D        | Killed a hellion
   242 | D        | Killed a hellion
   243 | D        | Killed a hellion
   269 | D        | Killed a yaktaur
   280 | D        | Learned a level 4 spell: Sticky Flame
   280 | D        | Found a radiant altar of Vehumet.
   281 | D        | Found a deep blue altar of Sif Muna.
   281 | D        | Found an ancient bone altar of Kikubaaqudgha.
   281 | D        | Noticed a wizard
   283 | D        | Killed a wizard
   283 | D        | Reached skill level 9 in Spellcasting
   283 | D        | Reached skill level 5 in Conjurations
   285 | D        | Reached XP level 5. HP: 28/30 MP: 7/19
   298 | D        | Learned a level 5 spell: Fireball
   303 | D        | Became a worshipper of Vehumet
   340 | D        | Killed a hellion
   362 | D        | Found a glowing silver altar of Zin.
   363 | D        | Found a glowing golden altar of the Shining One.
   363 | D        | Found a white marble altar of Elyvilon.
   363 | D        | Noticed a deep elf mage
   368 | D        | Noticed a fire elemental
   368 | D        | Noticed a fire elemental
   368 | D        | Killed a deep elf mage
   368 | D        | Reached skill level 13 in Spellcasting
   368 | D        | Reached XP level 6. HP: 35/35 MP: 15/24
   368 | D        | Reached XP level 7. HP: 39/39 MP: 16/26
   419 | D        | Found an ornate altar of the Wu Jian Council.
   419 | D        | Found a roughly hewn altar of Beogh.
   419 | D        | Found an iron altar of Okawaru.
   419 | D        | Found a bloodstained altar of Trog.
   419 | D        | Found a hide-covered altar of Uskayaw.
   419 | D        | Noticed a human
   422 | D        | Noticed a human
   423 | D        | Killed a human
   423 | D        | Reached skill level 1 in Fighting
   423 | D        | Reached skill level 1 in Short Blades
   423 | D        | Reached skill level 1 in Armour
   423 | D        | Reached skill level 14 in Spellcasting
   426 | D        | Killed a human
   426 | D        | Reached * piety under Vehumet
   426 | D        | Offered knowledge of Shock by Vehumet.
   429 | D        | Learned a level 1 spell: Shock
   514 | D        | Found a basalt altar of Yredelemnul.
   514 | D        | Found a shadowy altar of Dithmenos.
   514 | D        | Found a sacrificial altar of Ru.
   564 | D        | Offered knowledge of Throw Frost by Vehumet.
   564 | D        | Reached ** piety under Vehumet
   564 | D        | Reached XP level 8. HP: 47/48 MP: 19/28
   573 | D        | Reached skill level 1 in Shields
   573 | D        | Reached skill level 1 in Air Magic
   585 | D        | Learned a level 2 spell: Throw Frost
   632 | D        | Found a blossoming altar of Fedhas.
   632 | D        | Found a stormy altar of Qazlal.
   632 | D        | Found a snail-covered altar of Cheibriados.
   632 | D        | Found a burning altar of Makhleb.
   632 | D        | Found a shimmering altar of Xom.
   633 | D        | Found a hazy altar of Hepliaklqana.
   633 | D        | Found an opulent altar of Gozag.
   633 | D        | Found a sparkling altar of Nemelex Xobeh.
   633 | D        | Found a corrupted altar of Lugonu.
   633 | D        | Found a viscous altar of Jiyva.
   714 | D        | Offered knowledge of Stone Arrow by Vehumet.
   714 | D        | Reached skill level 15 in Spellcasting
   714 | D        | Reached skill level 1 in Ice Magic
   714 | D        | Reached *** piety under Vehumet
   714 | D        | Reached skill level 10 in Fire Magic
   714 | D        | Reached skill level 5 in Dodging
   719 | D        | Learned a level 3 spell: Stone Arrow
   820 | D        | Noticed a two-headed ogre
   826 | D        | Mangled by a two-headed ogre

Vault maps used:
D:        dungeon_sprint_mu

Skill      XL: |  1  2  3  4  5  6  7  8 |
---------------+-------------------------+-----
Spellcasting   | 6 8 9 13 14 15 | 15.2
Conjurations   | 3 4 5 8 9 |  9.4
Fire Magic     | 4 5 6 9 10 | 10.0
Fighting       | 1 2 |  2.7
Short Blades   | 2 3 |  3.4
Armour         | 2 |  2.7
Dodging        | 4 5 |  5.0
Shields        | 2 |  2.0
Air Magic      | 2 |  2.3
Ice Magic      | 1 |  1.5
Stealth        | |  2.4

Action                   |  1- 3 |  4- 6 |  7- 9 || total
-------------------------+-------+-------+-------++-------
Melee: Dagger            |       |     1 |     1 ||     2
 Cast: Flame Tongue      |    16 |     2 |    40 ||    58
       Conjure Flame     |     1 |       |     5 ||     6
       Sticky Flame      |       |     3 |     1 ||     4
       Fireball          |       |       |     3 ||     3
       Throw Flame       |       |       |     1 ||     1
       Inner Flame       |       |       |     1 ||     1
  Use: Potion            |     4 |       |       ||     4
       Scroll            |     2 |       |       ||     2
 Stab: Sleeping          |       |     1 |       ||     1
Dodge: Dodged            |     4 |     1 |     1 ||     6
